Construct Infanterie Kompanie
Infanterie Officer Quarters
Construct Luftwaffe Kompanie
Construct Panzergrenadier Kompanie
Luftwaffe Officer Quarters
Selects Breakthrough Battlegroup
Selects Assault Grenadiers
Selects Smoke Bombing Run
Selects Incendiary Bombing Run
Selects 2.5-tonne Cargo Truck
Pak 40 Anti-tank Gun Team
Construct Panzer Kompanie
Nebelwerfer 42 Rocket Launcher Team
Nebelwerfer 42 Rocket Launcher Team